 Dungeon Crawl Stone Soup version 0.29.1-2-gbd0b4ee654 (webtiles) character file.

Game seed: 15907097291837270270

30 Icepheonix32 the Insei (level 3, -3/23 HPs)
             Began as an Octopode Transmuter on Nov 18, 2022.
             Slain by a gnoll
             ... wielding a +0 flail
              (5 damage)
             ... on level 2 of the Dungeon.
             The game lasted 00:01:29 (1313 turns).

Icepheonix32 the Insei (Octopode Transmuter)        Turns: 1313, Time: 00:01:30

Health: -3/23      AC:  1    Str:  9    XL:     3   Next: 20%
Magic:  6/6        EV: 13    Int: 15    God:
Gold:   66         SH:  0    Dex: 14    Spells: 5/6 levels left

rFire   . . .      SeeInvis .     - Unarmed
rCold   . . .      Faith    .   (no shield)
rNeg    . . .      Spirit   .   (helmet restricted)
rPois   +          Reflect  .   (no amulet)
rElec   .          Harm     .   i - ring of poison resistance
rCorr   .          Rampage  .   (no ring)
Will    .....                   (no ring)
Stlth   +.........              (no ring)
HPRegen 0.07/turn               (no ring)
MPRegen 0.10/turn               (no ring)
                                (no ring)
                                (no ring)

@: silenced
A: almost no armour, amphibious, 8 rings, camouflage 1, gelatinous body 1,
(nimble swimmer 1), tentacles
a: no special abilities


You were on level 2 of the Dungeon.
You visited 1 branch of the dungeon, and saw 2 of its levels.

You collected 66 gold pieces.

Inventory:

Missiles
 g - 3 datura-tipped darts
Jewellery
 i - a ring of poison resistance (left tentacle)
Scrolls
 b - a scroll of acquirement
 j - a scroll of vulnerability {unknown}
 k - a scroll of blinking {unknown}
Potions
 a - a potion of curing {unknown}
 f - a potion of flight {unknown}
 h - a potion of heal wounds {unknown}


   Skills:
 + Level 1.0 Fighting
 * Level 2.2 Dodging
 + Level 3.4 Unarmed Combat
 + Level 2.3 Spellcasting
 * Level 2.5 Transmutations


You had 5 spell levels left.
You knew the following spells:

 Your Spells              Type           Power      Damage    Failure   Level
a - Beastly Appendage     Tmut           18%        N/A       8%          1

Your spell library contained the following spells:

 Spells                   Type           Power      Damage    Failure   Level
 Wereblood                Tmut           9%         N/A       12%         2
 Magic Dart               Conj           4%         1d3       22%         1
 Searing Ray              Conj           2%         2d4       32%         2
 Spider Form              Tmut/Pois      5%         N/A       36%         3
 Ice Form                 Ice/Tmut       5%         N/A       77%         4
 Fulminant Prism          Conj/Hex       0%         3d6       91%         4


Dungeon Overview and Level Annotations

Branches:
Dungeon (2/15)

Altars:


Innate Abilities, Weirdness & Mutations

You cannot wear most types of armour.
You are amphibious.
You can wear up to eight rings at the same time.
Your skin changes colour to match your surroundings (Stealth+).
Your rubbery body absorbs attacks. (AC +1, EV +1)
((You are camouflaged when in or above water. (Stealth+)))
You have tentacles for arms and can constrict up to eight enemies at once.


Message History

Your transformation is almost over.
The bat barely misses you.
The ball python hisses angrily.
You tentacle-slap the ball python.
You kill the ball python!
The bat barely misses you.
A gnoll comes into view. It is wielding a +0 halberd.
The bat misses you.
You closely miss the bat. You grab the bat. You squeeze the bat.
You kill the bat! 2 gnolls come into view.
The gnoll shouts!
A gnoll comes into view. It is wielding a +0 flail.
The gnoll shouts!
The gnoll closely misses you.
A hobgoblin comes into view.
Found a scroll labelled HIOCIXKI XOTSA.
The gnoll hits you with a +0 halberd. The gnoll hits you with a +0 flail!
There are monsters nearby!
Unknown command.
This is a scroll of acquirement!
The air fills with toxic fumes!
As you read the scroll labelled KOECVEOCZOHE, it crumbles to dust.
It was a scroll of poison.
The gnoll shouts! x2
The gnoll misses you. x2
As you read the scroll labelled XYFFIG SINE, it crumbles to dust.
You assume a fearsome visage.
The gnoll looks frightened! x4
The hobgoblin looks frightened!
It was a scroll of fear.
Your tentacle spike disappears.
Unknown command.
Okay, then.
Cornered, the gnoll turns to fight!
Cornered, the hobgoblin turns to fight!
Cornered, the gnoll turns to fight! x3
As you read the scroll labelled EHOETO ZIGAYTA, it crumbles to dust.
A profound silence engulfs you.
It was a scroll of silence.
The gnoll hits you with a +0 halberd!
* * * LOW HITPOINT WARNING * * *
The gnoll hits you with a +0 flail.
You die...

§§ §#§# #§
§#§# #
§§#g#§# §§
g§§§§#§
§§g§§§ #§§§#
#gg## #@§§##
#§§§§#
##§§#§§§§§
#§§§##§###
###§§## .##
#.§§§# ..#
######
....).##§##
#.#####....#
..#### #§§#
#.#.....#..#
##.#
#.#.....<†#


You could see 4 gnolls and a hobgoblin.

Vanquished Creatures
  A worm (D:2)
  3 bats
  2 giant cockroaches (D:1)
  A goblin (D:1)
  A hobgoblin (D:1)
  7 jackals (D:1)
  4 quokkas (D:1)
  A ball python (D:2)
  A frilled lizard (D:1)
  A kobold (D:1)
  2 rats (D:1)
24 creatures vanquished.

Notes
Turn   | Place    | Note
-------+----------+-------------------------------------------
     0 | D:1      | Icepheonix32 the Octopode Transmuter began the quest for
                  | the Orb.
     0 | D:1      | Reached XP level 1. HP: 13/13 MP: 3/3
    44 | D:1      | Reached XP level 2. HP: 3/18 MP: 3/5
   699 | D:1      | Reached XP level 3. HP: 10/23 MP: 6/6
  1310 | D:2      | Identified a scroll of acquirement
  1313 | D:2      | Slain by a gnoll

Illustrated notes

Levels and vault maps discovered:
D:1:      erik_arrival_orb_chamber, layout_basic, minmay_indecisive_spiral
D:2:      layout_rooms

Action                   || total
-------------------------++-------
Melee: Unarmed           ||    59
       Constrict         ||    11
       Tentacles         ||     7
       Kick              ||     5
 Cast: Beastly Appendage ||    12
  Use: Potion            ||     1
       Scroll            ||     3
 Stab: Sleeping          ||     3
Armor: Skin              ||    36
Dodge: Dodged            ||    44
